[Event "European Online Club-ch-C 2021"]
[Site "Online"]
[Date "2021.03.27"]
[Round "3.17"]
[White "Markoja, Boris"]
[Black "Migot, Tangi"]
[Result "1-0"]
[ECO "D23"]
[WhiteElo "2439"]
[BlackElo "2353"]
[Annotator "NA"]
[PlyCount "147"]
[EventDate "2021.03.27"]
[EventType "team-tourn"]
[EventCountry "NET"]
[SourceTitle "playchess.com"]
[Source "ChessBase"]
[SourceQuality "1"]
[TimeControl "900+5"]

1. d4 d5 2. c4 c6 3. Nf3 Nf6 4. Qb3 dxc4 5. Qxc4 Bf5 6. g3 e6 7. Bg2 Be7 8. O-O O-O 9. Nbd2 Qb6 10. Nh4 Bg4 11. h3 Bh5 12. g4 Nd5 13. Ndf3 Qd8 14. gxh5 Bxh4 15. h6 Bf6 16. hxg7 Bxg7 17. e4 Nb6 18. Qb3 N8d7 19. a4 a5 20. Bf4 Kh8 21. Rad1 Qe7 22. Bc7 Ra6 23. e5 Rg8 24. Kh1 Bh6 25. Rg1 Qb4 26. Qxb4 axb4 27. b3 Nd5 28. Bd6 Raa8 29. Bf1 Rxg1+ 30. Kxg1 Bf8 31. Ng5 Kg8 32. Ne4 f5 33. Nc5 Nxc5 34. dxc5 Bh6 35. Bc4 Kf7 36. Bxd5 exd5 37. Rd4 Ke6 38. Rxb4 Rg8+ 39. Kf1 Rg7 40. Ke2 Bg5 41. a5 Bd8 42. Ra4 Rg1 43. a6 bxa6 44. Rxa6 Rb1 45. Rxc6 Rxb3 46. Rc8 Bg5 47. c6 d4 48. Rb8 d3+ 49. Kf1 Rc3 50. c7 d2 51. Ke2 Kd7 52. e6+ Kxd6 53. c8=Q Rxc8 54. Rxc8 Kxe6 55. Rh8 h6 56. h4 Bf4 57. Ra8 Kf6 58. Rd8 Kg6 59. Kf3 Be5 60. Rxd2 Kh5 61. Rd5 Bb8 62. Rxf5+ Kxh4 63. Rf8 Bc7 64. Rg8 h5 65. Ke4 Kh3 66. f4 h4 67. f5 Kh2 68. f6 h3 69. f7 Bd6 70. Kf3 Kh1 71. f8=Q Bxf8 72. Rxf8 h2 73. Ra8 Kg1 74. Ra1# 1-0

[Event "European Online Club-ch-C 2021"]
[Site "Online"]
[Date "2021.03.27"]
[Round "3.18"]
[White "Le Goff, Ronan"]
[Black "Subelj, Jan"]
[Result "1/2-1/2"]
[ECO "D02"]
[WhiteElo "2288"]
[BlackElo "2418"]
[Annotator "NA"]
[PlyCount "57"]
[EventDate "2021.03.27"]
[EventType "team-tourn"]
[EventCountry "NET"]
[SourceTitle "playchess.com"]
[Source "ChessBase"]
[SourceQuality "1"]
[TimeControl "900+5"]

1. d4 Nf6 2. Nf3 e6 3. Bf4 d5 4. e3 Bd6 5. Bg3 c5 6. Nbd2 Qc7 7. dxc5 Qxc5 8. c4 Bxg3 9. hxg3 O-O 10. cxd5 Qxd5 11. Bc4 Qd6 12. g4 Nxg4 13. Ng5 Ne5 14. Rxh7 Rd8 15. Qc2 Qxd2+ 16. Qxd2 Rxd2 17. Kxd2 Nxc4+ 18. Kc3 Ne5 19. Rah1 Ng6 20. f4 Nd7 21. g4 Nf6 22. R7h3 Nxg4 23. Rd1 Kf8 24. Rd8+ Ke7 25. Rg8 Kf6 26. Nh7+ Ke7 27. Ng5 Kf6 28. Nh7+ Ke7 29. Ng5 1/2-1/2

[Event "European Online Club-ch-C 2021"]
[Site "Online"]
[Date "2021.03.27"]
[Round "3.19"]
[White "Skuhala, Jernej"]
[Black "Bouget, Alexandre"]
[Result "1/2-1/2"]
[ECO "C40"]
[WhiteElo "2351"]
[BlackElo "2247"]
[Annotator "NA"]
[PlyCount "140"]
[EventDate "2021.03.27"]
[EventType "team-tourn"]
[EventCountry "NET"]
[SourceTitle "playchess.com"]
[Source "ChessBase"]
[SourceQuality "1"]
[TimeControl "900+5"]

1. e4 e5 2. Nf3 d5 3. exd5 Bd6 4. Bb5+ c6 5. dxc6 Nxc6 6. Qe2 Nf6 7. d3 O-O 8. Bxc6 bxc6 9. Nc3 Rb8 10. O-O Bg4 11. b3 Qc8 12. Bg5 Nd5 13. Ne4 Bc7 14. c4 f5 15. Nc5 Nc3 16. Qe1 Ba5 17. Bd2 e4 18. Nd4 Bb6 19. Bxc3 Bxc5 20. dxe4 Re8 21. e5 Qd7 22. Nc2 Qd3 23. Ne3 Be2 24. Rd1 Bxd1 25. Nxd1 f4 26. Nb2 Qf5 27. Na4 f3 28. Qd1 fxg2 29. Kxg2 Rbd8 30. Qf3 Qg6+ 31. Qg3 Qe4+ 32. Qf3 Qg6+ 33. Kh1 Rd3 34. Qg2 Qxg2+ 35. Kxg2 Bd4 36. Bxd4 Rxd4 37. Re1 Rd2 38. Nc3 Re6 39. Re3 h5 40. h4 Rg6+ 41. Kf3 Kf7 42. Ne4 Rxa2 43. Ng5+ Ke7 44. Kg3 Rh6 45. f4 g6 46. Rd3 Rh8 47. Rd6 Rb2 48. Kf3 Rxb3+ 49. Ke4 Rb1 50. Rxc6 Re1+ 51. Kd5 Rd8+ 52. Kc5 Rf1 53. Re6+ Kf8 54. Rf6+ Ke7 55. Rf7+ Ke8 56. e6 Rc8+ 57. Kd5 Rd1+ 58. Ke5 Rxc4 59. Rxa7 Rc5+ 60. Kf6 Rf5+ 61. Kxg6 Rxf4 62. Nh7 Rg1+ 63. Kxh5 Rf5+ 64. Ng5 Rf6 65. Rf7 Rxe6 66. Ra7 Rf6 67. Ra8+ Ke7 68. Ra7+ Ke8 69. Ra8+ Ke7 70. Ra7+ Ke8 1/2-1/2

[Event "European Online Club-ch-C 2021"]
[Site "Online"]
[Date "2021.03.27"]
[Round "3.20"]
[White "Lahoche, Dorian"]
[Black "Marn, Jan"]
[Result "0-1"]
[ECO "C54"]
[WhiteElo "2124"]
[BlackElo "2346"]
[Annotator "NA"]
[PlyCount "64"]
[EventDate "2021.03.27"]
[EventType "team-tourn"]
[EventCountry "NET"]
[SourceTitle "playchess.com"]
[Source "ChessBase"]
[SourceQuality "1"]
[TimeControl "900+5"]

1. e4 e5 2. Nf3 Nc6 3. Bc4 Bc5 4. c3 Nf6 5. d3 a5 6. a4 d6 7. Nbd2 O-O 8. O-O Ba7 9. Re1 Ng4 10. Re2 Kh8 11. h3 f5 12. exf5 Nxf2 13. Rxf2 Bxf2+ 14. Kxf2 Bxf5 15. Nf1 d5 16. Bb5 e4 17. dxe4 dxe4 18. Qxd8 Raxd8 19. Bxc6 bxc6 20. Nd4 Bxh3+ 21. Kg1 c5 22. gxh3 cxd4 23. cxd4 Rxd4 24. Be3 Rd3 25. Rc1 h6 26. Kg2 Rxf1 27. Kxf1 Rxe3 28. Rxc7 Rxh3 29. Ra7 Rb3 30. Rxa5 Rxb2 31. Re5 Rb4 32. Ke2 Rxa4 0-1

[Event "European Online Club-ch-C 2021"]
[Site "Online"]
[Date "2021.03.27"]
[Round "4.1"]
[White "Sahin, Ozgun"]
[Black "Le Goff, Ronan"]
[Result "1/2-1/2"]
[ECO "C45"]
[WhiteElo "2281"]
[BlackElo "2288"]
[Annotator "NA"]
[PlyCount "70"]
[EventDate "2021.03.27"]
[EventType "team-tourn"]
[EventCountry "NET"]
[SourceTitle "playchess.com"]
[Source "ChessBase"]
[SourceQuality "1"]
[TimeControl "900+5"]

1. e4 e5 2. Nf3 Nc6 3. d4 exd4 4. Nxd4 Qf6 5. Nb5 Bc5 6. Qe2 Qd8 7. Be3 Bxe3 8. Qxe3 a6 9. N5c3 Nge7 10. Nd5 O-O 11. Nbc3 Nxd5 12. Nxd5 Ne7 13. O-O-O Nxd5 14. Rxd5 d6 15. e5 Be6 16. Rd4 d5 17. Rd2 Qe7 18. f4 c5 19. f5 Bxf5 20. Rxd5 Rac8 21. a3 c4 22. Qc3 b5 23. Be2 Qg5+ 24. Rd2 a5 25. g4 b4 26. axb4 axb4 27. Qxb4 c3 28. bxc3 Rb8 29. h4 Qh6 30. Qd6 Be6 31. g5 Qg6 32. Bd3 Qh5 33. Be2 Qg6 34. Bd3 Qh5 35. Be2 Qg6 1/2-1/2

[Event "European Online Club-ch-C 2021"]
[Site "Online"]
[Date "2021.03.27"]
[Round "4.2"]
[White "Bouget, Alexandre"]
[Black "Gallevci, Yagiz"]
[Result "1-0"]
[ECO "D17"]
[WhiteElo "2247"]
[BlackElo "2069"]
[Annotator "NA"]
[PlyCount "73"]
[EventDate "2021.03.27"]
[EventType "team-tourn"]
[EventCountry "NET"]
[SourceTitle "playchess.com"]
[Source "ChessBase"]
[SourceQuality "1"]
[TimeControl "900+5"]

1. d4 d5 2. c4 c6 3. Nc3 Nf6 4. Nf3 dxc4 5. a4 Bf5 6. Ne5 Nbd7 7. Nxc4 Nb6 8. Ne5 a5 9. f3 Nfd7 10. Nxd7 Nxd7 11. e4 Bg6 12. Be3 e5 13. Qb3 Bb4 14. O-O-O Qe7 15. h4 f6 16. Bc4 Bf7 17. Bxf7+ Qxf7 18. Qxf7+ Kxf7 19. dxe5 Nxe5 20. Bb6 Ke7 21. h5 Nc4 22. Bd4 Rad8 23. h6 g6 24. f4 Kf7 25. e5 c5 26. Bf2 fxe5 27. Ne4 exf4 28. Bh4 Rd4 29. Ng5+ Ke8 30. Ne6 Bd2+ 31. Kb1 Rd6 32. Nxc5 Kf7 33. Ne4 Rd7 34. b3 Na3+ 35. Kb2 Bb4 36. Rxd7+ Ke6 37. Rd8 1-0

[Event "European Online Club-ch-C 2021"]
[Site "Online"]
[Date "2021.03.27"]
[Round "4.3"]
[White "Yagiz, Bora"]
[Black "Lahoche, Dorian"]
[Result "1-0"]
[ECO "C68"]
[WhiteElo "1877"]
[BlackElo "2124"]
[Annotator "NA"]
[PlyCount "157"]
[EventDate "2021.03.27"]
[EventType "team-tourn"]
[EventCountry "NET"]
[SourceTitle "playchess.com"]
[Source "ChessBase"]
[SourceQuality "1"]
[TimeControl "900+5"]

1. e4 e5 2. Nf3 Nc6 3. Bb5 a6 4. Bxc6 dxc6 5. O-O Bg4 6. h3 h5 7. d3 Qf6 8. Be3 Bxf3 9. Qxf3 Qxf3 10. gxf3 Bd6 11. Nd2 Ne7 12. Rfb1 O-O-O 13. Kf1 Rhg8 14. Ke2 c5 15. Rg1 Nc6 16. c3 Kd7 17. Rg2 g6 18. Rag1 Rde8 19. Nf1 Nd8 20. Nd2 Ne6 21. Nb3 Kc8 22. a4 Be7 23. Nd2 Rd8 24. Nc4 Bf6 25. a5 Rd7 26. Rd1 Rgd8 27. Rgg1 Kb8 28. Rd2 Ka7 29. b4 b5 30. axb6+ cxb6 31. bxc5 bxc5 32. Ra1 Rc8 33. Rda2 Rc6 34. Na3 Nc7 35. Nc4 Nb5 36. Bd2 Rb7 37. Ra5 Re6 38. Rc1 Bd8 39. Raa1 Nd6 40. Ne3 Rb2 41. Rc2 Rxc2 42. Nxc2 Nb5 43. Ne3 Bg5 44. Nc4 Bxd2 45. Kxd2 Re7 46. Ra5 g5 47. Ke3 f6 48. Kd2 Rd7 49. Ra1 h4 50. Kc2 Nd6 51. Ne3 Nb5 52. Nd5 Rd6 53. Ra5 Kb7 54. Kd2 Nc7 55. Ne3 Ne6 56. Nd5 Nf4 57. Nxf4 gxf4 58. Rxc5 Kb6 59. Rc4 Rd7 60. d4 a5 61. d5 Rf7 62. Kc2 f5 63. Kb3 fxe4 64. fxe4 Rg7 65. Rc6+ Kb7 66. Rh6 Rg2 67. Rxh4 Rxf2 68. Rh5 Rh2 69. Rxe5 Rxh3 70. Rf5 Rh4 71. e5 Kc7 72. c4 Rh3+ 73. Ka4 f3 74. Kxa5 Rh4 75. Rf7+ Kd8 76. Kb5 Re4 77. e6 Re3 78. Kc6 Ke8 79. Kd6 1-0

[Event "European Online Club-ch-C 2021"]
[Site "Online"]
[Date "2021.03.27"]
[Round "4.4"]
[White "Lemasle, Raphael"]
[Black "Deveci, Huseyin Said"]
[Result "0-1"]
[ECO "D11"]
[WhiteElo "2067"]
[BlackElo "1521"]
[Annotator "NA"]
[PlyCount "96"]
[EventDate "2021.03.27"]
[EventType "team-tourn"]
[EventCountry "NET"]
[SourceTitle "playchess.com"]
[Source "ChessBase"]
[SourceQuality "1"]
[TimeControl "900+5"]

1. d4 Nf6 2. Nf3 d5 3. c4 c6 4. Nbd2 Bf5 5. Qb3 Qc7 6. g3 e6 7. Bg2 Bd6 8. O-O O-O 9. c5 Be7 10. Ne5 Nbd7 11. Ndf3 Nxe5 12. Nxe5 Bxc5 13. dxc5 Qxe5 14. Qxb7 Qxe2 15. Qxc6 Rac8 16. Qa4 Rxc5 17. Qxa7 Ne4 18. Be3 Rc2 19. Rfe1 Qh5 20. Qd4 Nf6 21. Qd1 Qxd1 22. Rexd1 Rxb2 23. a4 Ra8 24. a5 Ne8 25. Rdc1 Nd6 26. h3 Bd3 27. Rc3 Ba6 28. Rc6 Nc4 29. Bf1 Kf8 30. Bd4 Rb3 31. Bc5+ Ke8 32. Rc7 Rb5 33. Re7+ Kd8 34. Rxf7 Rc8 35. Bd4 g6 36. Ra7 Rc6 37. Rxh7 Rxa5 38. Rxa5 Nxa5 39. Bxa6 Rxa6 40. Rg7 Nc6 41. Bf6+ Ke8 42. h4 d4 43. Rxg6 Kf7 44. h5 d3 45. Bc3 Ra3 46. Rf6+ Kg8 47. Bd2 Nd4 48. Rf4 Ne2+ 0-1

[Event "European Online Club-ch-C 2021"]
[Site "Online"]
[Date "2021.03.27"]
[Round "4.5"]
[White "Braun, Christian"]
[Black "Markoja, Boris"]
[Result "0-1"]
[ECO "A08"]
[WhiteElo "2409"]
[BlackElo "2439"]
[Annotator "NA"]
[PlyCount "56"]
[EventDate "2021.03.27"]
[EventType "team-tourn"]
[EventCountry "NET"]
[SourceTitle "playchess.com"]
[Source "ChessBase"]
[SourceQuality "1"]
[TimeControl "900+5"]

1. e4 e6 2. d3 d5 3. Nd2 c5 4. Ngf3 Nc6 5. g3 Bd6 6. Bg2 Nge7 7. O-O O-O 8. Re1 Qc7 9. Qe2 f6 10. c3 Bd7 11. a3 d4 12. Nc4 e5 13. cxd4 cxd4 14. b4 b5 15. Nxd6 Qxd6 16. Nd2 Be6 17. Rb1 a5 18. bxa5 Rxa5 19. Nb3 Ra7 20. f4 b4 21. axb4 Nxb4 22. Bd2 Nec6 23. Rec1 Na2 24. Rc5 Bxb3 25. Rxc6 Qxc6 26. Rxb3 Nc1 27. Bxc1 Qxc1+ 28. Bf1 exf4 0-1

[Event "European Online Club-ch-C 2021"]
[Site "Online"]
[Date "2021.03.27"]
[Round "4.6"]
[White "Subelj, Jan"]
[Black "Lenaerts, Lennert"]
[Result "1-0"]
[ECO "C84"]
[WhiteElo "2418"]
[BlackElo "2357"]
[Annotator "NA"]
[PlyCount "59"]
[EventDate "2021.03.27"]
[EventType "team-tourn"]
[EventCountry "NET"]
[SourceTitle "playchess.com"]
[Source "ChessBase"]
[SourceQuality "1"]
[TimeControl "900+5"]

1. e4 e5 2. Nf3 Nc6 3. Bb5 a6 4. Ba4 Nf6 5. O-O Be7 6. d3 b5 7. Bb3 d6 8. a3 Be6 9. Bxe6 fxe6 10. c3 O-O 11. a4 d5 12. Nbd2 Bc5 13. Qe2 Qd6 14. axb5 axb5 15. Rxa8 Rxa8 16. d4 Bb6 17. exd5 Qxd5 18. Nxe5 Nxe5 19. dxe5 Nd7 20. Nf3 Ra1 21. h4 c6 22. Rd1 Qc4 23. Qc2 Nc5 24. Be3 Qe4 25. Qe2 Ra8 26. Ng5 Qxe5 27. Qh5 h6 28. Qf7+ Kh8 29. Bd4 Qc7 30. Bxg7# 1-0

[Event "European Online Club-ch-C 2021"]
[Site "Online"]
[Date "2021.03.27"]
[Round "4.7"]
[White "Van Meegen, Ruud"]
[Black "Skuhala, Jernej"]
[Result "1/2-1/2"]
[ECO "D38"]
[WhiteElo "2295"]
[BlackElo "2351"]
[Annotator "NA"]
[PlyCount "79"]
[EventDate "2021.03.27"]
[EventType "team-tourn"]
[EventCountry "NET"]
[SourceTitle "playchess.com"]
[Source "ChessBase"]
[SourceQuality "1"]
[TimeControl "900+5"]

1. d4 Nf6 2. c4 e6 3. Nf3 d5 4. Nc3 Bb4 5. Bg5 h6 6. Bxf6 Qxf6 7. Qa4+ Nc6 8. e3 Bd7 9. Qc2 O-O 10. a3 Bxc3+ 11. Qxc3 Rfd8 12. cxd5 exd5 13. Be2 Qd6 14. Rc1 Rac8 15. O-O Ne7 16. Qc5 Qxc5 17. dxc5 c6 18. b4 Ra8 19. Nd4 a6 20. Bd3 Re8 21. Rc3 Ng6 22. Bxg6 fxg6 23. a4 Re5 24. Rb1 Ree8 25. Rcc1 Re4 26. h3 g5 27. b5 axb5 28. axb5 cxb5 29. Nxb5 Bxb5 30. Rxb5 Ra7 31. Rd1 Re5 32. Rb6 Rf5 33. Rdb1 Rf7 34. Rd6 Ra2 35. f3 Rd2 36. e4 Rc7 37. Rxd5 Rxd5 38. exd5 Rxc5 39. Rxb7 Rxd5 40. Re7 1/2-1/2

[Event "European Online Club-ch-C 2021"]
[Site "Online"]
[Date "2021.03.27"]
[Round "4.8"]
[White "Marn, Jan"]
[Black "Zimmermann, Luc"]
[Result "1-0"]
[ECO "D85"]
[WhiteElo "2346"]
[BlackElo "2151"]
[Annotator "NA"]
[PlyCount "89"]
[EventDate "2021.03.27"]
[EventType "team-tourn"]
[EventCountry "NET"]
[SourceTitle "playchess.com"]
[Source "ChessBase"]
[SourceQuality "1"]
[TimeControl "900+5"]

1. d4 Nf6 2. c4 g6 3. Nc3 d5 4. cxd5 Nxd5 5. e4 Nxc3 6. bxc3 Bg7 7. Nf3 c5 8. Bb5+ Bd7 9. Be2 Bg4 10. O-O cxd4 11. cxd4 Nc6 12. Rb1 Bxf3 13. Bxf3 Nxd4 14. Rxb7 O-O 15. Be3 e5 16. Bxd4 exd4 17. Qa4 a5 18. h3 Qe8 19. Qa3 Qe5 20. g3 Rfd8 21. Qb3 Rf8 22. Rc1 Rab8 23. Rxb8 Rxb8 24. Qd3 a4 25. Kg2 Bf8 26. Bd1 a3 27. Bb3 Rd8 28. f4 Qd6 29. e5 Qd7 30. Re1 Qb7+ 31. Kh2 Kg7 32. f5 gxf5 33. Qxf5 Be7 34. Qxf7+ Kh8 35. Qh5 Rf8 36. Re2 d3 37. Rg2 Qd7 38. e6 Qd4 39. Qb5 d2 40. Qd7 Qxd7 41. exd7 Bg5 42. h4 Bh6 43. Re2 Kg7 44. Re8 Kf6 45. d8=Q+ 1-0

[Event "European Online Club-ch-C 2021"]
[Site "Online"]
[Date "2021.03.27"]
[Round "4.9"]
[White "Micottis, Dorian"]
[Black "Babula, Vlastimil"]
[Result "1/2-1/2"]
[ECO "B40"]
[WhiteElo "2223"]
[BlackElo "2559"]
[Annotator "ChessBase"]
[PlyCount "135"]
[EventDate "2021.03.27"]
[EventType "team-tourn"]
[EventCountry "NET"]
[SourceTitle "playchess.com"]
[Source "ChessBase"]
[SourceQuality "1"]
[TimeControl "900+5"]

1. e4 c5 2. Nf3 e6 3. g3 Nc6 4. Bg2 Nf6 5. Qe2 e5 6. c3 Be7 7. O-O O-O 8. Na3 Re8 9. d3 h6 10. Nc4 Bf8 11. a4 d6 12. Ne3 d5 13. exd5 Nxd5 14. Nxd5 Qxd5 15. Nd2 Qd6 16. Nc4 Qg6 17. Be4 Bf5 18. Qf3 Bg4 19. Bxg6 Bxf3 20. Be4 Bh5 21. a5 a6 22. Re1 Rad8 23. f4 exf4 24. Bxf4 Bg6 25. Bxg6 Rxe1+ 26. Rxe1 fxg6 27. Re3 g5 28. Bc7 Rd7 29. Bb6 Kf7 30. Kf2 Be7 31. Ke2 Rd5 32. g4 Bf6 33. h3 Ne7 34. Bc7 Rd7 35. Bd6 Nd5 36. Rf3 Kg6 37. Bxc5 h5 38. Bd6 Rd8 39. Kd2 Rh8 40. Ne3 Nf4 41. Bxf4 gxf4 42. Rxf4 Bg5 43. Re4 hxg4 44. hxg4 Rh2+ 45. Kd1 Bxe3 46. Rxe3 Rxb2 47. Re6+ Kg5 48. Re4 Ra2 49. Rb4 g6 50. Rxb7 Rxa5 51. Rb4 Ra2 52. Kc1 a5 53. Rc4 Rg2 54. d4 Kxg4 55. d5+ Kf5 56. d6 Ke6 57. Rd4 Kd7 58. c4 Rg5 59. Kb2 Rc5 60. Kb3 Rc6 61. Rd5 Rxd6 62. Rxa5 Kc7 63. Ra7+ Kb6 64. Rg7 Kc5 65. Rc7+ Kb6 66. Rg7 Kc5 67. Rc7+ Kb6 68. Rg7 1/2-1/2

[Event "European Online Club-ch-C 2021"]
[Site "Online"]
[Date "2021.03.27"]
[Round "4.10"]
[White "Wachinger, Nikolas"]
[Black "Bruch, Jochen"]
[Result "1/2-1/2"]
[ECO "B23"]
[WhiteElo "2369"]
[BlackElo "2187"]
[Annotator "NA"]
[PlyCount "130"]
[EventDate "2021.03.27"]
[EventType "team-tourn"]
[EventCountry "NET"]
[SourceTitle "playchess.com"]
[Source "ChessBase"]
[SourceQuality "1"]
[TimeControl "900+5"]

1. e4 c5 2. Nc3 e6 3. g3 g6 4. d4 cxd4 5. Qxd4 Qf6 6. Qd1 a6 7. Bg2 Nc6 8. Nf3 Qd8 9. Bg5 Qb6 10. O-O Bg7 11. Qd6 Qb4 12. Rad1 Qxd6 13. Rxd6 f6 14. Bf4 g5 15. Be3 g4 16. Ne1 b5 17. e5 Bb7 18. Ne4 Nxe5 19. Nxf6+ Bxf6 20. Bxb7 Rb8 21. Bxa6 Nc4 22. Rd3 Nxe3 23. fxe3 Bxb2 24. Rb3 Be5 25. Nd3 Bd6 26. Bxb5 Ke7 27. e4 Nh6 28. a4 Bc7 29. Kg2 Nf7 30. Bxd7 Ng5 31. Bc6 Nf3 32. Rfb1 Nd4 33. Rb7 Kd6 34. Rxb8 Rxb8 35. Bb5 Nxc2 36. Rc1 Ne3+ 37. Kf2 Bb6 38. Rc6+ Ke7 39. Rxb6 Nd1+ 40. Ke1 Rxb6 41. Kxd1 Rb8 42. Kd2 Kd6 43. Nb4 Rf8 44. Ke2 Kc5 45. Nc6 h5 46. Ne5 Kb4 47. Ng6 Rf3 48. Nf4 Ra3 49. Nxe6 Ra2+ 50. Ke3 Rxh2 51. Kf4 Rf2+ 52. Kg5 Rg2 53. Kh4 Rh2+ 54. Kg5 Rg2 55. Kxh5 Rxg3 56. Kh4 Re3 57. Ng5 g3 58. Kh3 Ka5 59. Kg2 Kb4 60. Bc6 Rc3 61. Bb5 Re3 62. Bc6 Rc3 63. Be8 Re3 64. Bd7 Rd3 65. Bb5 Re3 1/2-1/2

[Event "European Online Club-ch-C 2021"]
[Site "Online"]
[Date "2021.03.27"]
[Round "4.11"]
[White "Kirsch, Laurent"]
[Black "Colbow, Collin"]
[Result "1/2-1/2"]
[ECO "E20"]
[WhiteElo "2120"]
[BlackElo "2339"]
[Annotator "NA"]
[PlyCount "38"]
[EventDate "2021.03.27"]
[EventType "team-tourn"]
[EventCountry "NET"]
[SourceTitle "playchess.com"]
[Source "ChessBase"]
[SourceQuality "1"]
[TimeControl "900+5"]

1. d4 Nf6 2. c4 e6 3. Nc3 Bb4 4. f3 c5 5. d5 b5 6. e4 bxc4 7. Bxc4 exd5 8. Bxd5 Nxd5 9. Qxd5 Nc6 10. Nge2 Ba6 11. a3 Bxc3+ 12. Nxc3 Nd4 13. Kf2 O-O 14. Bf4 Qb6 15. Rab1 Bd3 16. Na4 Qb5 17. Nc3 Qb6 18. Na4 Qb5 19. Nc3 Qb6 1/2-1/2

[Event "European Online Club-ch-C 2021"]
[Site "Online"]
[Date "2021.03.27"]
[Round "4.12"]
[White "Schulze, Lara"]
[Black "Schlueter, Yves"]
[Result "1-0"]
[ECO "B05"]
[WhiteElo "2269"]
[BlackElo "2058"]
[Annotator "NA"]
[PlyCount "55"]
[EventDate "2021.03.27"]
[EventType "team-tourn"]
[EventCountry "NET"]
[SourceTitle "playchess.com"]
[Source "ChessBase"]
[SourceQuality "1"]
[TimeControl "900+5"]

1. e4 Nf6 2. e5 Nd5 3. d4 d6 4. Nf3 Bg4 5. Be2 e6 6. h3 Bh5 7. c4 Nb6 8. exd6 cxd6 9. Nc3 Be7 10. d5 e5 11. g4 Bg6 12. h4 h6 13. h5 Bh7 14. Bd3 Bxd3 15. Qxd3 Qc8 16. b3 Qxg4 17. Ba3 Na6 18. Qe4 Qxe4+ 19. Nxe4 O-O-O 20. Nh4 Bxh4 21. Rxh4 Kc7 22. Ke2 Nc8 23. Rg1 f5 24. Nc3 Rhg8 25. Rg6 Ne7 26. Nb5+ Kb8 27. Bxd6+ Ka8 28. Bxe7 1-0

[Event "European Online Club-ch-C 2021"]
[Site "Online"]
[Date "2021.03.27"]
[Round "4.14"]
[White "Martinez Alcantara, Jose Eduardo"]
[Black "Vitiugov, Nikita"]
[Result "1/2-1/2"]
[ECO "C00"]
[WhiteElo "2620"]
[BlackElo "2715"]
[Annotator "RC"]
[PlyCount "65"]
[EventDate "2021.03.27"]
[EventType "team-tourn"]
[EventCountry "NET"]
[SourceTitle "playchess.com"]
[Source "ChessBase"]
[SourceQuality "1"]
[TimeControl "900+5"]

1. e4 c5 2. Nf3 e6 3. g3 Nc6 4. Bg2 Nf6 5. Qe2 d6 6. O-O Be7 7. c3 O-O 8. d4 d5 9. e5 Ne4 10. Nbd2 Nxd2 11. Bxd2 a5 12. Rfc1 b6 13. Bf1 Ba6 14. Qe3 Bxf1 15. Kxf1 a4 16. Qd3 Na5 17. Rab1 Nc4 18. Kg2 Qd7 19. Bg5 h6 20. Bxe7 Qxe7 21. b3 axb3 22. axb3 Na5 23. c4 Rfd8 24. cxd5 Rxd5 25. Qb5 Qb7 26. dxc5 bxc5 27. Qxb7 Nxb7 28. b4 Rad8 29. bxc5 Nxc5 30. Rb5 Nd3 31. Rxd5 Rxd5 32. Rc8+ Kh7 33. Rc7 1/2-1/2

[Event "European Online Club-ch-C 2021"]
[Site "Online"]
[Date "2021.03.27"]
[Round "4.16"]
[White "Guerrero Olmos, Sergio"]
[Black "Ponkratov, Pavel"]
[Result "0-1"]
[ECO "A46"]
[WhiteElo "2372"]
[BlackElo "2619"]
[Annotator "ChessBase"]
[PlyCount "64"]
[EventDate "2021.03.27"]
[EventType "team-tourn"]
[EventCountry "NET"]
[SourceTitle "playchess.com"]
[Source "ChessBase"]
[SourceQuality "1"]
[TimeControl "900+5"]

1. d4 Nf6 2. Nf3 e6 3. Bf4 c5 4. e3 Nc6 5. c3 Nh5 6. Bg5 Qb6 7. Qb3 h6 8. Bh4 g5 9. Bg3 Nxg3 10. hxg3 g4 11. Nfd2 d5 12. Be2 f5 13. dxc5 Bxc5 14. c4 d4 15. e4 Bd7 16. O-O O-O 17. a3 a5 18. Qc2 Ne5 19. exf5 exf5 20. Nb3 Ba4 21. N1d2 Rae8 22. Bd3 Qf6 23. Rae1 b6 24. Re2 Kg7 25. Rfe1 h5 26. Qb1 h4 27. gxh4 Qxh4 28. f4 g3 29. Rxe5 Rh8 30. Kf1 Qxf4+ 31. Nf3 Rh1+ 32. Ke2 Rxe5+ 0-1

[Event "European Online Club-ch-C 2021"]
[Site "Online"]
[Date "2021.03.27"]
[Round "4.17"]
[White "Bluebaum, Matthias"]
[Black "Nguyen, Thai Dai Van"]
[Result "1-0"]
[ECO "D05"]
[WhiteElo "2670"]
[BlackElo "2577"]
[Annotator "RC"]
[PlyCount "63"]
[EventDate "2021.03.27"]
[EventType "team-tourn"]
[EventCountry "NET"]
[SourceTitle "playchess.com"]
[Source "ChessBase"]
[SourceQuality "1"]
[TimeControl "900+5"]

1. d4 d5 2. Nf3 Nf6 3. e3 c5 4. Nbd2 Nc6 5. c3 cxd4 6. exd4 Bf5 7. Nh4 e6 8. Nxf5 exf5 9. Bd3 g6 10. O-O Be7 11. Qb3 Qc7 12. Nf3 O-O 13. Bg5 Rad8 14. Bxf6 Bxf6 15. Rfe1 Na5 16. Qa4 a6 17. Re2 b5 18. Qa3 Qb6 19. Rae1 Rb8 20. Qb4 Nc6 21. Qb3 Rfd8 22. a3 a5 23. h4 b4 24. axb4 axb4 25. Qc2 bxc3 26. bxc3 Qb3 27. Bxf5 Na5 28. Bd3 Rdc8 29. Qd2 h5 30. Bxg6 fxg6 31. Qh6 Bg7 32. Qxg6 1-0

[Event "European Online Club-ch-C 2021"]
[Site "Online"]
[Date "2021.03.27"]
[Round "4.19"]
[White "Heimann, Andreas"]
[Black "Plat, Vojtech"]
[Result "1/2-1/2"]
[ECO "C70"]
[WhiteElo "2606"]
[BlackElo "2552"]
[Annotator "ChessBase"]
[PlyCount "93"]
[EventDate "2021.03.27"]
[EventType "team-tourn"]
[EventCountry "NET"]
[SourceTitle "playchess.com"]
[Source "ChessBase"]
[SourceQuality "1"]
[TimeControl "900+5"]

1. e4 e5 2. Nf3 Nc6 3. Bb5 a6 4. Ba4 g6 5. h4 Bg7 6. h5 Nge7 7. d3 d5 8. Bg5 Qd6 9. h6 Bf6 10. Bxf6 Qxf6 11. Nc3 d4 12. Nd5 Qd6 13. Nxe7 Kxe7 14. c3 dxc3 15. bxc3 Bg4 16. Qd2 Bxf3 17. gxf3 Rad8 18. Rd1 b5 19. Bb3 Na5 20. d4 c5 21. Bd5 cxd4 22. cxd4 Nc4 23. Bxc4 bxc4 24. dxe5 Qxd2+ 25. Rxd2 Ke6 26. f4 g5 27. fxg5 Kxe5 28. Rh3 Rxd2 29. Kxd2 Kxe4 30. Kc3 Rc8 31. Re3+ Kf4 32. Re7 Kxg5 33. Rxf7 Kg6 34. Rf4 Rc6 35. Rh4 Kg5 36. Rh3 Rxh6 37. Rg3+ Kf4 38. Kxc4 Rh2 39. Rg7 Rxf2 40. Rxh7 Rxa2 41. Kb3 Ra1 42. Re7 Kf5 43. Re2 a5 44. Ra2 Rxa2 45. Kxa2 a4 46. Ka3 Ke4 47. Kxa4 1/2-1/2

[Event "European Online Club-ch-C 2021"]
[Site "Online"]
[Date "2021.03.27"]
[Round "4.20"]
[White "Krejci, Jan"]
[Black "Keymer, Vincent"]
[Result "1/2-1/2"]
[ECO "D46"]
[WhiteElo "2540"]
[BlackElo "2591"]
[Annotator "ChessBase"]
[PlyCount "90"]
[EventDate "2021.03.27"]
[EventType "team-tourn"]
[EventCountry "NET"]
[SourceTitle "playchess.com"]
[Source "ChessBase"]
[SourceQuality "1"]
[TimeControl "900+5"]

1. c4 c6 2. Nf3 d5 3. e3 Nf6 4. Nc3 e6 5. b3 Bd6 6. Bb2 O-O 7. d4 Nbd7 8. Bd3 Qe7 9. Qc2 e5 10. cxd5 cxd5 11. dxe5 Nxe5 12. Nxe5 Bxe5 13. Ne2 Bg4 14. Bxe5 Qxe5 15. O-O Rac8 16. Qd2 Bxe2 17. Qxe2 Rc3 18. Rac1 Rfc8 19. Rxc3 Rxc3 20. Rd1 Qc7 21. Qd2 h5 22. h3 Rc5 23. Qb2 a5 24. Qd4 Rc1 25. Rxc1 Qxc1+ 26. Kh2 Qc7+ 27. g3 b6 28. Kg2 Kf8 29. a3 Qd6 30. b4 axb4 31. axb4 Ke7 32. Be2 g6 33. Bf3 Ke6 34. g4 hxg4 35. hxg4 Nd7 36. Qc3 Ne5 37. Qc8+ Kf6 38. Qc3 Ke7 39. Qd4 Ke6 40. Be2 Nd7 41. Bf3 Qe5 42. Qd3 Qd6 43. Qd4 Ne5 44. Be2 Ke7 45. Bf3 Ke6 1/2-1/2